 Dungeon Crawl Stone Soup version 0.24-a0-429-g4608c8fa30 (webtiles) character file.

Game seed: 6001085001436930498

84 alrianne the Sneak (level 4, -6/23 HPs)
             Began as a Vampire Assassin on June 13, 2019.
             Mangled by a gnoll
             ... wielding a +0 halberd
              (9 damage)
             ... on level 2 of the Dungeon.
             The game lasted 00:12:02 (3110 turns).

alrianne the Sneak (Vampire Assassin)               Turns: 3110, Time: 00:12:03

Health: -6/23      AC:  6    Str: 10    XL:     4   Next: 24%
Magic:  4/4        EV: 12    Int: 13    God:
Gold:   129        SH:  0    Dex: 16    Spells: 3/3 levels left

rFire    . . .     SeeInvis +   a - +2 dagger
rCold    . . .     Gourm    .   (no shield)
rNeg     . . .     Faith    .   b - +1 robe
rPois    .         Spirit   .   (no helmet)
rElec    .         Reflect  .   c - +1 cloak
rCorr    .         Harm     .   (no gloves)
MR       .....                  (no boots)
Stlth    +++.......             (no amulet)
HPRegen  0.27/turn              g - +1 ring of protection
MPRegen  0.09/turn              (no ring)

@: regenerating quickly
A: no food, fangs 3, see invisible, [frail 3], unbreathing
a: Exsanguinate


You were on level 2 of the Dungeon.
You were alive.

You visited 1 branch of the dungeon, and saw 2 of its levels.

You collected 129 gold pieces.

Inventory:

Hand Weapons
 a - a +2 dagger (weapon)
Missiles
 d - 8 poisoned darts
 e - 2 curare-tipped darts
Armour
 b - a +1 robe (worn)
 c - a +1 cloak (worn)
Jewellery
 g - a +1 ring of protection (left hand)
   (You found it on level 2 of the Dungeon)
Scrolls
 h - a scroll of fog
 j - a scroll of teleportation {unknown}
Potions
 f - a potion of curing


   Skills:
 + Level 2.0 Fighting
 * Level 3.1 Short Blades
 + Level 2.0 Throwing
 * Level 1.5 Armour
 - Level 1.1 Dodging
 * Level 6.6 Stealth


You had 3 spell levels left.
You didn't know any spells.
Your spell library was empty.

Dungeon Overview and Level Annotations

Branches:
Dungeon (2/15)

Altars:
Fedhas

Annotations:
D:2 Terence


Innate Abilities, Weirdness & Mutations

You do not eat.
Your natural rate of healing is unusually fast.
You have razor-sharp teeth.
You have supernaturally acute eyesight. (SInv)
You can survive without breathing.
[You are extremely frail. (-30% HP)]


Message History

MASSIVE DAMAGE!!
You hit the worm. The worm closely misses you.
You barely miss the worm. You barely miss the worm. The worm bites you!
Ouch! That really hurt!
* * * LOW HITPOINT WARNING * * *
You take 10 damage, and have 3/18 hp.
MASSIVE DAMAGE!!
You see here a jackal skeleton.
You start resting.
Health restored: 18 You see here a rat skeleton.
You see here a jackal skeleton.
You hit the worm but do no damage. You hit the worm.
The worm closely misses you.
You hit the worm. You barely miss the worm. The worm barely misses you.
You hit the worm but do no damage. You hit the worm. You bite the worm.
The worm bites you.
You take 2 damage, and have 16/18 hp.
You hit the worm. You hit the worm. The worm completely misses you.
You hit the worm. You hit the worm.
You kill the worm!
You see here a worm corpse.
Health restored: 18 A quokka comes into view.
You hit the quokka. The quokka closely misses you. x2
You hit the quokka.
You kill the quokka!
You may need something to eat soon, looking for food.
Can't find anything matching that.
Okay, then.
The bat is too close now for your liking.
No target in view!
No target in view!
The bat is too close now for your liking.
A bat is nearby!
The bat closely misses you.
You barely miss the bat. The bat hits you but does no damage.
The bat hits you but does no damage.
You see here 20 stones.
You hit the bat.
You kill the bat!
No target in view!
You may need something to eat soon, looking for food.
Can't find anything matching that.
Okay, then.
You now have 129 gold pieces (gained 9).
A dart slug comes into view.
Found a dark potion.
Found a stone staircase leading up.
The helpless dart slug fails to defend itself.
You impale the dart slug!!
You kill the dart slug!
Found a stone staircase leading down.
A gnoll comes into view.
A gnoll comes into view. It is wielding a +0 halberd.
Terence the Incautious comes into view.
He is wielding a +2 flail of protection.
A leopard gecko and a gnoll come into view.
The helpless leopard gecko fails to defend itself.
You impale the leopard gecko!!
You kill the leopard gecko!
The helpless gnoll fails to defend itself.
You impale the gnoll!!
You kill the gnoll!
Your Short Blades skill increases to level 3!
Your Throwing skill increases to level 2!
You have reached level 4!
Health restored: 23; MP restored: 4 You hit the gnoll.
Your bite misses the gnoll. The gnoll hits you.
You take 4 damage, and have 19/23 hp.
You barely miss the gnoll. The gnoll barely misses you.
You closely miss the gnoll. You bite the gnoll, but do no damage.
The gnoll shouts!
The gnoll closely misses you.
You barely miss the gnoll.
Terence shouts!
You bite the gnoll. The gnoll barely misses you. x2
You barely miss the gnoll. The gnoll misses you.
You hit the gnoll.
The gnoll hits you from afar with a +0 halberd!
Terence hits you but does no damage.
You take 9 damage, and have 11/23 hp.
MASSIVE DAMAGE!!
You are too injured to fight recklessly!
You are too injured to fight recklessly!
You hit the gnoll but do no damage. The gnoll closely misses you.
The gnoll misses you.
You hit the gnoll. You bite the gnoll, but do no damage.
Terence closely misses you. The gnoll misses you. The gnoll barely misses you.
You hit the gnoll.
You kill the gnoll!
Terence hits you with a +2 flail of protection!
* * * LOW HITPOINT WARNING * * *
You take 8 damage, and have 3/23 hp.
MASSIVE DAMAGE!!
You hit Terence but do no damage.
The gnoll hits you from afar with a +0 halberd!
You die...

.........##..##..#
##...#............
###.##....#######
#..#.##..###
###########...###...#
.............######.#
#%...g..<###.#......#
#.....@!.......######
#......@.###....##
#........# ####..#
.........# #.......#
#.(......# #.......#
#......... >........#
#############.......#
#########


You could see Terence and a gnoll.

Vanquished Creatures
  2 gnolls (D:2)
  An ooze (D:2)
  2 worms (D:2)
  2 dart slugs
  3 leopard geckos
  2 ball pythons
  3 giant cockroaches (D:1)
  5 goblins (D:1)
  6 hobgoblins
  3 jackals (D:2)
  2 kobolds (D:1)
  A quokka (D:2)
  6 bats
  A frilled lizard (D:1)
  5 rats
44 creatures vanquished.

Notes
Turn   | Place    | Note
-------+----------+-------------------------------------------
     0 | D:1      | alrianne the Vampire Assassin began the quest for the Orb.
     0 | D:1      | Reached XP level 1. HP: 16/16 MP: 1/1
  1591 | D:1      | Reached skill level 6 in Stealth
  1594 | D:1      | Reached XP level 2. HP: 17/17 MP: 2/2
  2202 | D:1      | Reached skill level 1 in Armour
  2202 | D:1      | Reached XP level 3. HP: 18/18 MP: 3/3
  2755 | D:2      | HP: 2/18 [worm (8)]
  2782 | D:2      | Reached skill level 2 in Fighting
  2789 | D:2      | HP: 2/18 [worm (6)]
  2794 | D:2      | HP: 3/18 [worm (1)]
  2886 | D:2      | Found a blossoming altar of Fedhas.
  2925 | D:2      | HP: 3/18 [worm (10)]
  3095 | D:2      | Noticed Terence
  3100 | D:2      | Reached skill level 3 in Short Blades
  3100 | D:2      | Reached skill level 2 in Throwing
  3100 | D:2      | Reached XP level 4. HP: 23/23 MP: 4/4
  3109 | D:2      | HP: 3/23 [Terence/+2 flail of protection (8)]
  3110 | D:2      | Mangled by a gnoll

Levels and vault maps discovered:
D:1:      erik_arrival_cave_to_civilisation [erik_arrival_cave_to_hall],
          layout_basic, corexii_item_surrounded_by_moat, minmay_pentomino_q2
D:2:      layout_rooms, fedhas_altar_4, palyth_stone_intersect,
          kennysheep_generic_room_6, uniq_terence, uniq_crazy_yiuf_cottage

Skill      XL: |  1  2  3 |
---------------+----------+-----
Stealth        | 6 |  6.6
Armour         | 1 |  1.5
Fighting       | 2 |  2.0
Short Blades   | 3 |  3.1
Throwing       | 2 |  2.0
Dodging        | |  1.1

Action                   |  1- 3 |  4- 6 || total
-------------------------+-------+-------++-------
Melee: Dagger            |   130 |    10 ||   140
       Bite              |    10 |     3 ||    13
 Abil: Exsanguinate      |     3 |       ||     3
       Revivify          |     3 |       ||     3
  Use: Scroll            |     6 |       ||     6
       Potion            |     2 |       ||     2
 Stab: Sleeping          |    19 |       ||    19
       Invisible         |     1 |       ||     1
Armor: Robe              |    24 |     1 ||    25
Dodge: Dodged            |    50 |    10 ||    60

Table legend:
 A = Non-vault XP
 B = Vault XP
 C = Vault XP percentage of total XP
 D = Non-vault monster count
 E = Vault monster count
 F = Vault count percentage of total count
                 A         B        C        D         E       F
            +---------+---------+-------+---------+---------+-------
      Total |     112 |       9 |   7.4 |      39 |       5 |  11.4
            +---------+---------+-------+---------+---------+-------
        D:1 |      41 |       6 |  12.8 |      21 |       3 |  12.5
        D:2 |      71 |       3 |   4.1 |      18 |       2 |  10.0
            +---------+---------+-------+---------+---------+-------

Levels and vault maps discovered:
D:1:      erik_arrival_cave_to_civilisation [erik_arrival_cave_to_hall],
          layout_basic, corexii_item_surrounded_by_moat, minmay_pentomino_q2
D:2:      layout_rooms, fedhas_altar_4, palyth_stone_intersect,
          kennysheep_generic_room_6, uniq_terence, uniq_crazy_yiuf_cottage

Table legend:
 A = Turns spent in this place as a percentage of turns spent in the entire game.
 B = Non-inter-level travel turns spent in this place as a percentage of non-inter-level travel turns spent in the entire game.
 C = Inter-level travel turns spent in this place as a percentage of turns spent in this place.
 D = Turns resting spent in this place as a percentage of non-inter-level travel turns spent in this place.
 E = Turns spent auto-exploring this place as a percentage of non-inter-level travel turns spent in this place.
 F = Non-inter-level travel turns spent in this place divided by the number of levels of this place that you've seen.
                   A       B       C       D       E      F
               +-------+-------+-------+-------+-------+----------------------
         Total | 100.0 | 100.0 |   0.6 |  47.0 |  35.1 | 1545.5
       Dungeon | 100.0 | 100.0 |   0.6 |  47.0 |  35.1 | 1545.5
               +-------+-------+-------+-------+-------+----------------------

Table legend:
 A = Kills in this place as a percentage of kills in entire the game.
 B = Kills by you in this place as a percentage of kills by you in the entire game.
 C = Kills by friends in this place as a percentage of kills by friends in the entire game.
 D = Other kills in this place as a percentage of other kills in the entire game.
 E = Experience gained in this place as a percentage of experience gained in the entire game.
 F = Experience gained in this place divided by the number of levels of this place that you have seen.
                   A       B       C       D       E      F
               +-------+-------+-------+-------+-------+----------------------
         Total | 100.0 | 100.0 |   N/A |   N/A | 100.0 |  60.5
       Dungeon | 100.0 | 100.0 |   N/A |   N/A | 100.0 |  60.5
               +-------+-------+-------+-------+-------+----------------------
